 Dungeon Crawl Stone Soup version 0.20-a0-210-gd6c29eb (webtiles) character file.

0 deepsabbath the Firebug (level 1, 0/10 HPs)
             Began as a Deep Elf Fire Elementalist on Nov 26, 2016.
             Slain by a hobgoblin
             ... wielding a +0 club
              (5 damage)
             ... on level 1 of the Dungeon.
             The game lasted 00:00:33 (114 turns).

deepsabbath the Firebug (Deep Elf Fire Elementalist) Turns: 114, Time: 00:00:33

Health: 0/10       AC:  2    Str:  5    XL:     1   Next: 8%
Magic:  6/6        EV: 13    Int: 19    God:
Gold:   0          SH:  0    Dex: 15    Spells: 5/6 levels left

rFire  . . .     SeeInvis .     (no weapon)
rCold  . . .     Gourm    .     a - +0 robe
rNeg   . . .     Faith    .     (no shield)
rPois  .         Spirit   .     (no helmet)
rElec  .         Reflect  .     (no cloak)
rCorr  .         Harm     .     (no gloves)
MR     .....                    (no boots)
Stlth  ++........               (no amulet)
                                (no ring)
                                (no ring)

@: no status effects
A: no striking features
a: no special abilities


You were on level 1 of the Dungeon.
You were not hungry.

You visited 1 branch of the dungeon, and saw 1 of its levels.

Inventory:

Armour
 a - a +0 robe (worn)
Books
 b - a book of Flames
Comestibles
 c - a bread ration {@e1}


   Skills:
 + Level 2.5 Dodging
 - Level 2.4 Stealth
 - Level 3.0 Spellcasting
 - Level 1.1 Conjurations
 - Level 3.2 Fire Magic


You had 5 spell levels left.
You knew the following spells:

 Your Spells              Type           Power        Failure   Level  Hunger
a - Flame Tongue          Conj/Fire      ##...        10%         1    None


Dungeon Overview and Level Annotations

Branches:
Dungeon (1/15)

Altars:


Message History

Welcome, deepsabbath the Deep Elf Fire Elementalist.
Will you be the one to retrieve the fabulous Orb of Zot from the depths?
Found a staircase leading out of the dungeon.
A kobold comes into view.
A hobgoblin comes into view. It is wielding a club.
The hobgoblin shouts!
A rat comes into view.
You barely miss the rat. The rat closely misses you.
You closely miss the rat. The rat bites you but does no damage.
You hit the rat but do no damage. The hobgoblin closely misses you.
The rat barely misses you.
You hit the rat but do no damage.
The hobgoblin hits you but does no damage.
The rat barely misses you.
You barely miss the rat. The hobgoblin closely misses you.
The rat bites you but does no damage.
You barely miss the rat. The hobgoblin closely misses you.
The rat closely misses you.
You closely miss the rat. The rat bites you.
You take 2 damage, and have 8/10 hp.
You hit the rat. The hobgoblin misses you. The rat bites you.
You take 1 damage, and have 7/10 hp.
You hit the rat but do no damage. The hobgoblin barely misses you.
The rat barely misses you.
You closely miss the rat. The hobgoblin closely misses you.
The rat barely misses you.
You barely miss the rat. The hobgoblin closely misses you.
The rat barely misses you.
You hit the rat but do no damage. The hobgoblin hits you with a club.
The rat closely misses you.
You take 2 damage, and have 5/10 hp.
You barely miss the rat. The hobgoblin hits you with a club.
* * * LOW HITPOINT WARNING * * *
The rat completely misses you.
You take 2 damage, and have 3/10 hp.
You closely miss the rat. The hobgoblin closely misses you.
The rat closely misses you.
You hit the rat but do no damage. The hobgoblin barely misses you.
The rat bites you but does no damage.
You hit the rat. The hobgoblin closely misses you. The rat barely misses you.
You hit the rat.
You kill the rat!
The hobgoblin hits you but does no damage.
A goblin comes into view. It is wielding a club.
The goblin shouts!
You see here a rat corpse.
The hobgoblin closely misses you.
You open the door. The hobgoblin hits you with a club.
Ouch! That really hurt!
You die...

....... #.....#
#.....# #.....#
..... ... #'# #@#
##g# #.?# ##
##g## . #..#
##############.##
..........g....#
################


You could see a hobgoblin and a goblin.

Vanquished Creatures
  A rat (D:1)
1 creature vanquished.

Notes
Turn   | Place    | Note
-------+----------+-------------------------------------------
     0 | D:1      | deepsabbath the Deep Elf Fire Elementalist began the quest for the Orb.
     0 | D:1      | Reached XP level 1. HP: 10/10 MP: 6/6
   114 | D:1      | Slain by a hobgoblin

Vault maps used:
D:1:      minmay_arrival_diagonal_passages, kennysheep_minor_cross

Action                   || total
-------------------------++-------
Melee: Unarmed           ||    17
Armor: Robe              ||     3
Dodge: Dodged            ||    22

Vault maps used:
D:1:      minmay_arrival_diagonal_passages, kennysheep_minor_cross

Table legend:
 A = Turns spent in this place as a percentage of turns spent in the entire game.
 B = Non-inter-level travel turns spent in this place as a percentage of non-inter-level travel turns spent in the entire game.
 C = Inter-level travel turns spent in this place as a percentage of turns spent in this place.
 D = Turns resting spent in this place as a percentage of non-inter-level travel turns spent in this place.
 E = Turns spent auto-exploring this place as a percentage of non-inter-level travel turns spent in this place.
 F = Non-inter-level travel turns spent in this place divided by the number of levels of this place that you've seen.
                   A       B       C       D       E      F
               +-------+-------+-------+-------+-------+----------------------
         Total | 100.0 | 100.0 |   0.0 |   0.0 |   1.0 |  99.0
       Dungeon | 100.0 | 100.0 |   0.0 |   0.0 |   1.0 |  99.0
               +-------+-------+-------+-------+-------+----------------------

Table legend:
 A = Kills in this place as a percentage of kills in entire the game.
 B = Kills by you in this place as a percentage of kills by you in the entire game.
 C = Kills by friends in this place as a percentage of kills by friends in the entire game.
 D = Other kills in this place as a percentage of other kills in the entire game.
 E = Experience gained in this place as a percentage of experience gained in the entire game.
 F = Experience gained in this place divided by the number of levels of this place that you have seen.
                   A       B       C       D       E      F
               +-------+-------+-------+-------+-------+----------------------
         Total | 100.0 | 100.0 |  -nan |  -nan | 100.0 |   1.0
       Dungeon | 100.0 | 100.0 |  -nan |  -nan | 100.0 |   1.0
               +-------+-------+-------+-------+-------+----------------------
